 Dungeon Crawl Stone Soup version 0.25.1-2-g60ff931df9 (webtiles) character file.

Game seed: 15182223731928208824

8540 Erymatos the Cleaver (level 11, -3/95 HPs)
             Began as a Minotaur Berserker on Oct 31, 2020.
             Was a High Priest of Trog.
             Slain by a komodo dragon (20 damage)
             ... on level 1 of the Lair of Beasts.
             The game lasted 00:21:35 (10520 turns).

Erymatos the Cleaver (Minotaur Berserker)          Turns: 10520, Time: 00:21:35

Health: -3/95      AC: 12    Str: 25    XL:     11   Next: 11%
Magic:  10/10      EV: 12    Int:  4    God:    Trog [*****.]
Gold:   211        SH: 14    Dex: 10    Spells: 10/10 levels left

rFire    . . .     SeeInvis .   D - +4 war axe
rCold    + . .     Gourm    .   l - +2 kite shield
rNeg     . . .     Faith    .   d - +0 scale mail
rPois    .         Spirit   .   C - +0 hat
rElec    .         Reflect  .   (no cloak)
rCorr    .         Harm     .   (no gloves)
MR       .....                  z - +2 pair of boots {Fly}
Stlth    ..........             (no amulet)
HPRegen  0.25/turn              y - ring of protection from cold
MPRegen  0.12/turn              (no ring)

@: berserk cooldown, flying, slowed, very slow
A: retaliatory headbutt, horns 2
a: Berserk, Trog's Hand, Brothers in Arms, Renounce Religion, Stop Flying


You were on level 1 of the Lair of Beasts.
You worshipped Trog.
Trog was extremely pleased with you.
You were not hungry.

You visited 2 branches of the dungeon, and saw 9 of its levels.

You collected 469 gold pieces.
You spent 258 gold pieces at shops.

Inventory:

Hand Weapons
 D - a +4 war axe (weapon)
Armour
 d - a +0 scale mail (worn)
 l - a +2 kite shield (worn)
 z - a +2 pair of boots of flying (worn)
 C - a +0 hat (worn)
Jewellery
 y - a ring of protection from cold (left hand)
 F - an uncursed ring of stealth {unknown}
 I - an uncursed ring of see invisible {unknown}
Wands
 a - a wand of paralysis (22)
 b - a wand of acid (21)
 q - a wand of flame (18)
 A - a wand of disintegration (12)
 E - a wand of digging (6)
 H - a wand of random effects (11)
Scrolls
 e - 2 scrolls of magic mapping
 f - a scroll of fog
 g - 3 scrolls of remove curse
 k - 3 scrolls of teleportation
 m - a scroll of amnesia
 n - a scroll of noise
 o - a scroll of enchant armour {unknown}
 v - a scroll of fear {unknown}
 x - a scroll of identify
 B - 2 scrolls of immolation {unknown}
 G - a scroll of random uselessness {unknown}
Potions
 h - 3 potions of flight
 i - a potion of curing
 j - 3 potions of heal wounds {unknown}
 p - 3 potions of brilliance {unknown}
 r - 3 potions of haste {unknown}
 s - 4 potions of invisibility
 t - a potion of stabbing {unknown}
 u - a potion of resistance {unknown}
 w - a potion of degeneration {unknown}
Comestibles
 c - 11 rations
 J - 3 chunks of flesh


   Skills:
 + Level 8.3 Fighting
 + Level 12.5 Axes
 + Level 9.5 Armour
 + Level 6.1 Dodging
 * Level 9.8 Shields


You had 10 spell levels left.
You didn't know any spells.
Your spell library was empty.

Dungeon Overview and Level Annotations

Branches:
Dungeon (8/15)             Temple (0/1) D:7            Lair (1/6) D:8

Altars:
Ru

Shops:
D:5 [   D:6 [}}[(   D:8 [


Innate Abilities, Weirdness & Mutations

You reflexively headbutt those who attack you in melee.
You have a pair of horns on your head.


Message History

Trog accepts your kill.
You feel a strong urge to attack something.
You see here a komodo dragon corpse.
You butcher the komodo dragon corpse.
J - 4 chunks of flesh You see here a komodo dragon skeleton.
Eat one of 4 chunks of flesh? (ye/n/q)
You eat one of the 4 chunks of flesh.
This raw flesh tastes terrible.
You feel your anger nearly subside.
Unknown command.
There isn't anything to butcher here.
You aren't quite hungry enough to eat that!
You start resting.
You are no longer berserk.
You are exhausted.
You feel yourself slow down.
You start resting.
A komodo dragon comes into view.
You feel better. The komodo dragon bites you!!
You die...

.....P.# ......#
# #.#...###
#.#####.......#
#..^..........##
#..............#
..........!....#
..............##
...##@.....###
#l........#
#..†.†......#
#...........#
.............#
#≈.............##
##.#..P........P#
###..........###
...##.....##


You could see a komodo dragon.

Vanquished Creatures
  Gastronok (D:8)
  A two-headed ogre (D:8)
  A spiny frog (Lair:1)
  3 komodo dragons (Lair:1)
  2 hippogriffs (D:8)
  2 water moccasins
  Duvessa (D:4)
  2 porcupines
  A phantom (D:4)
  An eye of draining (D:8)
  3 ice beasts
  4 orc warriors
  2 black bears
  4 ogres
  4 wolves (Lair:1)
  A centaur (D:5)
  7 bullfrogs
  Blork the orc (D:6)
  Dowan (D:4)
  2 scorpions (D:7)
  A water moccasin skeleton (D:8)
  12 killer bees
  5 wights (D:8)
  2 crimson imps (D:7)
  A quasit (D:7)
  A bullfrog skeleton (D:7)
  2 hounds
  A jelly (D:4)
  5 orc priests
  2 centaur skeletons
  8 orc wizards
  Jessica (D:3)
  2 iguanas
  5 worker ants
  A gnoll (D:1)
  5 adders
  3 shadow imps
  An ooze (D:5)
  3 worms
  2 dart slugs
  6 leopard geckos
  35 orcs
  2 giant cockroaches
  5 goblins
  9 hobgoblins
  4 jackals (D:1)
  5 quokkas
  3 ball pythons (D:1)
  10 bats
  4 frilled lizards
  A jackal zombie (D:4)
  4 kobolds
  A quokka skeleton (D:4)
  9 rats
  2 fungi (Lair:1)
207 creatures vanquished.

Notes
Turn   | Place    | Note
-------+----------+-------------------------------------------
     0 | D:1      | Erymatos the Minotaur Berserker began the quest for the
                  | Orb.
     0 | D:1      | Reached XP level 1. HP: 19/19 MP: 0/0
   229 | D:1      | Reached XP level 2. HP: 25/27 MP: 1/1
   359 | D:1      | Reached skill level 4 in Axes
   740 | D:1      | Reached XP level 3. HP: 33/33 MP: 2/2
  1203 | D:2      | Reached ** piety under Trog
  1405 | D:2      | Found a sacrificial altar of Ru.
  1901 | D:3      | Reached XP level 4. HP: 41/41 MP: 3/3
  1938 | D:3      | Reached skill level 1 in Shields
  2088 | D:3      | Reached skill level 5 in Axes
  2088 | D:3      | Reached XP level 5. HP: 34/47 MP: 4/4
  2417 | D:3      | Reached *** piety under Trog
  2658 | D:3      | Noticed Jessica
  2663 | D:3      | Killed Jessica
  2888 | D:4      | Noticed an ogre
  2895 | D:4      | Killed an ogre
  2895 | D:4      | Reached skill level 6 in Axes
  2895 | D:4      | Reached XP level 6. HP: 36/53 MP: 5/5
  3541 | D:4      | Reached XP level 7. HP: 48/60 MP: 6/6
  3699 | D:4      | Noticed Duvessa
  3700 | D:4      | Noticed Dowan
  3710 | D:4      | Killed Duvessa
  3710 | D:4      | Reached skill level 5 in Fighting
  3710 | D:4      | Reached skill level 7 in Axes
  3715 | D:4      | Killed Dowan
  3929 | D:4      | Reached skill level 5 in Armour
  4161 | D:5      | Entered Level 5 of the Dungeon
  4187 | D:5      | Paralysed by a centaur for 3 turns
  4328 | D:5      | Reached XP level 8. HP: 61/69 MP: 7/7
  4331 | D:5      | Reached skill level 8 in Axes
  4466 | D:5      | Found Quxt's Armour Shop.
  4683 | D:5      | Reached **** piety under Trog
  4936 | D:6      | Found Gugreb's Antique Armour Shoppe.
  4951 | D:6      | Reached skill level 9 in Axes
  5119 | D:6      | Found Ziabokhlo's Antique Weapon Emporium.
  5183 | D:6      | Reached skill level 5 in Shields
  5520 | D:6      | Found Xagrif Mism's Armour Boutique.
  5558 | D:6      | Noticed Blork the orc
  5565 | D:6      | Killed Blork the orc
  5650 | D:6      | Found Ukluvait's Gadget Shop.
  5658 | D:6      | Found Goaber's Gadget Shop.
  6194 | D:7      | Reached XP level 9. HP: 61/78 MP: 8/8
  6445 | D:7      | Found a staircase to the Ecumenical Temple.
  6465 | D:7      | Reached skill level 10 in Axes
  7073 | D:6      | Bought a +2 pair of boots of flying for 258 gold pieces
  7131 | D:7      | Reached skill level 5 in Dodging
  8198 | D:8      | Reached skill level 11 in Axes
  8542 | D:8      | Reached XP level 10. HP: 86/86 MP: 9/9
  8557 | D:8      | Reached ***** piety under Trog
  8657 | D:8      | Noticed Gastronok
  8669 | D:8      | Killed Gastronok
  8820 | D:8      | Noticed a two-headed ogre
  8836 | D:8      | Killed a two-headed ogre
  9432 | D:8      | Found Xeenug's Armour Emporium.
  9444 | D:8      | Reached skill level 12 in Axes
  9906 | D:8      | Found a staircase to the Lair.
 10072 | Lair:1   | Entered Level 1 of the Lair of Beasts
 10273 | Lair:1   | Noticed a spiny frog
 10280 | Lair:1   | Killed a spiny frog
 10494 | Lair:1   | Reached XP level 11. HP: 93/94 MP: 10/10
 10506 | Lair:1   | HP: 7/142 [komodo dragon (8)]
 10520 | Lair:1   | Slain by a komodo dragon

Illustrated notes

Levels and vault maps discovered:
D:1:      dpeg_arrival_boxorama, layout_loops_ring, patterned_corridor
D:2:      layout_basic, first_ration, nicolae_ru_path_of_blood
D:3:      layout_basic, kennysheep_pointless_box, uniq_jessica
D:4:      layout_gridville, uniq_duvessa
D:5:      layout_loops_ring, serial_shops, shop
D:6:      layout_cave_pools, serial_shops, shop, shop, kennysheep_mini,
          shop_fountains, shop, uniq_blork_the_orc
D:7:      layout_basic, minmay_temple_entry_grid, kennysheep_generic_room_13
D:8:      layout_loops_ring, grunt_lair_entry_orc_guard_hut, serial_shops, shop,
          uniq_gastronok
Lair:1:   layout_gridlike, beast_lair_carwin_6, grunt_megastairs_2

Skill      XL: |  1  2  3  4  5  6  7  8  9 10 |
---------------+-------------------------------+-----
Fighting       | 4 5 6 7 8 |  8.3
Axes           | 4 5 6 7 9 11 12 | 12.5
Armour         | 3 4 5 6 8 9 |  9.5
Dodging        | 3 4 5 6 |  6.1
Shields        | 1 2 3 4 5 6 9 |  9.8

Action                   |  1- 3 |  4- 6 |  7- 9 | 10-12 || total
-------------------------+-------+-------+-------+-------++-------
Melee: Hand axe          |    80 |   139 |    31 |       ||   250
       Headbutt          |    10 |    21 |    56 |    31 ||   118
       War axe           |       |       |   247 |   117 ||   364
Invok: Berserk           |       |     1 |     5 |     2 ||     8
  Use: Scroll            |       |       |       |    10 ||    10
       Potion            |       |       |       |     1 ||     1
 Stab: Sleeping          |     1 |       |       |       ||     1
  Eat: Chunk             |     3 |     6 |    10 |     5 ||    24
       Ration            |       |       |     3 |     1 ||     4
Armor: Animal skin       |     7 |       |       |       ||     7
       Scale mail        |    17 |    37 |   104 |    18 ||   176
Dodge: Dodged            |    48 |    41 |    94 |    31 ||   214
Block: Kite shield       |    34 |    62 |   156 |    70 ||   322
